Description

Chargelot all-in with scouting denial.

This is an powerful build, however, I did not find a good build order and instructions, so I created my own.

The timing and supply is directly taken from my reference replay. There might be minor timing/supply inacurrencies due to my level(Diamond 2, my account is CommandeR on CN server). Notes that the reference replay is played at slower speed and timings are translated according to the speed factors to timings in faster speed.

Based on: PvZ Build: Trap vs. Serral, The New Chargelot All-in with Stargate! and [GSL vs. the World 2019] Ro.8 Match3 Serral vs Trap .

Replay - PVZ Stargate into 8 Gate Chargelot All-In Reference (played in slower speed)

Build Order

Get SALT Encoding   

  14  0:19  Pylon  
  16  0:38  Gateway  
  17  0:48  Assimilator  
  20  1:25  Nexus  
  20  1:35  Cybernetics Core  
  21  1:45  Assimilator  
  22  1:52  Pylon  
  23  2:08  Adept (Chrono Boost)  @100% Cybernetics Core
  26  2:21  Stargate  
  27  2:31  Warp Gate  
  28  2:42  Stalker  
  37  3:10  Void Ray (Chrono Boost)  @100% Stargate
  41  3:15  Adept  
  45  3:23  Pylon  
  45  3:32  Robotics Facility  
  46  3:50  Twilight Council  cut probes, transfter one probe from each gas to mine at natural
  46  4:04  Gateway x6  
  46  4:19  Warp Prism (Chrono Boost)  @100% Robotics Facility
  48  4:20  Zealot  
  48  4:26  Charge (Chrono Boost)  @100% Twilight Council
  50  4:29  Gateway  
  50  4:38  Pylon x4  
  50  4:42  Zealot  move out with warp prism, chrono charge
  52  5:04  Zealot x7  chrono charge
  66  5:30  Zealot x8  
Spawning Tool Build Advisor. Get it on Overwolf

Analysis

Cut Probes: Cut Probes at 46 supply, or 36 probes. After you build the Twilight Council, immediately take one probe from each gas and go mine minerals in the natural. Note that, after you transfer the probes, the natural will be saturated with 16 probes.

Cut probes when there are 36. This is optimal, that is, you will not have enough minerals at 5:30 to wrap-in 8 zealots if you cut earlier, unless, you want to pull all the probes in gas to mine minerals at natural when you have enough gas to research charge, in which case you can cut probes when there are 32 probes.

Chronoboost: First Adept is chronoed. Voidray is chronoed. Warp Prism is chronoed. Charge is chronoed 3 times. The rest of the chronoes goes to probes.

Timing: First Round of Warp-in 7 zealots at 5:04, Second Round of Warp-in 8 zealots at 5:30. Charge finishes at 5:37. Attack with 17 chargelots and all other units except leave one unit at home in the wall. Altinatively, you can wall with a pylon when you build 4 pylons, and go with all your army.

Scouting Denial: Using the voidray to deny scouting is critical to success, kill any overlord that might reveal to your opponent there is an attack coming.

Make sure opponent doesn't see many gateways going down or finished after about 4 minutes.

Make sure opponent doesn't see the moveout of warp prism or zealots, or two rounds of warp-ins.

About My Changes: I build a voidray instead of oracle.

Go to:

Details

  • Created by: master
  • Published on: Mar 07, 2022
  • Modified on: Mar 08, 2022
  • Patch: 4.11.0
  • Difficulty: Medium
Show
View Real Time Build Order
Export as new Build Order

Comments (0)

There are no comments. Be the first!

Create an account to comment!